 Dungeon Crawl Stone Soup version 0.17-a0-968-gf8e1f1d (webtiles) character file.

1956 laxity the Magician (level 8, -2/46 HPs)
             Began as a Deep Elf Fire Elementalist on May 9, 2015.
             Was an Initiate of Vehumet.
             Killed from afar by Pikel (20 damage)
             ... with a wand of fire
             ... on level 7 of the Dungeon.
             The game lasted 00:12:53 (7457 turns).

laxity the Magician (Deep Elf Fire Elementalist)    Turns: 7457, Time: 00:12:53

Health: -2/46      AC:  6    Str:  5    XL:     8   Next: 99%
Magic:  1/21       EV: 13    Int: 25    God:    Vehumet [......]
Gold:   304        SH:  0    Dex: 15    Spells: 5 memorised, 7 levels left

rFire  . . .     SeeInvis .     l - +0 short sword
rCold  + . .     Clarity  +     a - +0 robe
rNeg   . . .     SustAb   .     (no shield)
rPois  +         Gourm    .     (no helmet)
rElec  .         Spirit   .     q - +2 cloak {rPois}
rCorr  .         Warding  .     j - +0 pair of gloves
rMut   .         Rnd*Tele +     (no boots)
MR     .....                    s - amulet of faith
Stlth  ++........               G - ring of teleportation (curse)
                                u - ring of protection from cold

@: very slightly contaminated, not resistant to hostile enchantments, unstealthy
A: talons 1, clarity, clever 1, mutation resistance 1
a: Renounce Religion, Evoke Teleportation


You were on level 7 of the Dungeon.
You worshipped Vehumet.
Vehumet was noncommittal.
You were not hungry.

You visited 1 branch of the dungeon, and saw 7 of its levels.

You collected 304 gold pieces.

Inventory:

Hand weapons
 l - a +0 short sword (weapon)
 n - a +4 quarterstaff of chaos
Armour
 a - a +0 robe (worn)
 j - a +0 pair of gloves (worn)
 q - a +2 cloak of poison resistance (worn)
Jewellery
 s - an amulet of faith (around neck)
 u - a ring of protection from cold (left hand)
 G - a cursed ring of teleportation (right hand)
 O - an uncursed ring of sustain abilities {unknown}
Magical devices
 t - a wand of teleportation (1)
Scrolls
 e - a scroll of enchant armour {unknown}
 g - 2 scrolls of recharging {unknown}
 k - a scroll of noise {unknown}
 m - a scroll of enchant weapon {unknown}
 o - 5 scrolls of identify {unknown}
 r - 3 scrolls of remove curse {unknown}
 v - a scroll of amnesia {unknown}
 x - a scroll of random uselessness {unknown}
 z - 2 scrolls of fear {unknown}
 D - a scroll of fog {unknown}
 H - a scroll of immolation {unknown}
 P - a scroll of vulnerability {unknown}
Potions
 f - 6 potions of curing {unknown}
 h - 2 potions of flight {unknown}
 p - 4 potions of poison {unknown}
 w - a potion of invisibility {unknown}
 A - 2 potions of might {unknown}
 B - a potion of brilliance {unknown}
 C - a potion of berserk rage {unknown}
 J - a potion of cancellation {unknown}
 K - a potion of agility {unknown}
Books
 b - a book of Flames

   Spells                             Type                      Level
   a - Flame Tongue                   Conjuration/Fire             1
   b - Throw Flame                    Conjuration/Fire             2
   c - Conjure Flame                  Conjuration/Fire             3
   d - Inner Flame                    Hexes/Fire                   3
   e - Sticky Flame                   Conjuration/Fire             4
   f - Fireball                       Conjuration/Fire             5
 F - a book of Maledictions

   Spells                             Type                      Level
   a - Corona                         Hexes                        1
   b - Ensorcelled Hibernation        Hexes/Ice                    2
   c - Confuse                        Hexes                        3
   d - Tukima's Dance                 Hexes                        3
   e - Dazzling Spray                 Conjuration/Hexes            3
 I - Vehumet's Compendium of Conjuration
   (You found it on level 6 of the Dungeon)

   Spells                             Type                      Level
   a - Magic Dart                     Conjuration                  1
 L - Kikubaaqudgha's Incunabulum of Evil
   (You found it on level 6 of the Dungeon)

   Spells                             Type                      Level
   a - Animate Skeleton               Necromancy                   1
 M - Sif Muna's Catalogue of the Escort
   (You found it on level 6 of the Dungeon)

   Spells                             Type                      Level
   a - Summon Butterflies             Summoning                    1
Comestibles
 c - 5 bread rations
 d - a royal jelly
 i - a meat ration
 E - 4 fruits
 N - 6 chunks of flesh


   Skills:
 + Level 3.3 Fighting
 + Level 4.3 Short Blades
 - Level 2.4 Dodging
 - Level 2.4 Stealth
 + Level 7.9 Spellcasting
 + Level 6.2 Conjurations
 + Level 7.1 Fire Magic


You had 7 spell levels left.
You knew the following spells:

 Your Spells              Type           Power        Failure   Level  Hunger
a - Flame Tongue          Conj/Fire      #####        1%          1    None
b - Throw Flame           Conj/Fire      #####.       1%          2    None
c - Conjure Flame         Conj/Fire      #####...     1%          3    None
d - Sticky Flame          Conj/Fire      #####...     4%          4    ##.....
e - Fireball              Conj/Fire      #####.....   12%         5    #####..


Dungeon Overview and Level Annotations

Branches:
Dungeon (7/15)
 Temple: D:4-7

Altars:
Cheibriados
Dithmenos
Elyvilon
Kikubaaqudgha
Okawaru
Ru
Sif Muna
Vehumet
Zin

Annotations:
D:7 Pikel


Innate Abilities, Weirdness & Mutations

You have sharp toenails.
You possess an exceptional clarity of mind.
Your mind is acute. (Int +2)
You are somewhat resistant to further mutation.


Message History

Aiming: Flame Tongue
Press: ? - help, Shift-Dir - straight line, f/p - giant frog
Aim: a giant frog (almost dead)
The flame tongue hits the giant frog.
The giant frog is almost dead.
The giant frog closely misses you. The giant frog hits you.
* * * LOW HITPOINT WARNING * * *
Casting: Flame Tongue
Confirm with . or Enter, or press ? or * to list all spells.
Aiming: Flame Tongue
Press: ? - help, Shift-Dir - straight line, f/p - giant frog
Aim: a giant frog (almost dead)
The flame tongue hits the giant frog.
You kill the giant frog!
Vehumet accepts your kill.
You start resting.
Pikel is nearby!
Pikel is nearby!
Pikel zaps a wand.
The bolt of fire hits you!
You die...

#......######
#########
#..........###........
#.....................
#...................##
#......K.############
##.....†### #.......#
##......## .......@#
#####...# ##... #...#
#...# #...# #...#
...##


You could see Pikel.

Vanquished Creatures
  Sigmund (D:6)
  A deep elf fighter (D:6)
  Edmund (D:6)
  Duvessa (D:5)
  A slave (D:7)
  2 ogres (D:6)
  A sky beast (D:5)
  2 centaurs
  Blork the orc (D:5)
  Dowan (D:5)
  3 giant frogs
  A scorpion (D:7)
  A jelly (D:6)
  A crimson imp (D:6)
  2 orc priests (D:6)
  The ghost of asdu the Sneak, a weakling SpEn (D:3)
  Crazy Yiuf (D:2)
  A centaur skeleton (D:6)
  2 orc wizards
  2 iguanas (D:5)
  3 worker ants
  6 adders
  A shadow imp (D:6)
  11 gnolls
  An ooze (D:1)
  An adder skeleton (D:5)
  2 worms (D:2)
  5 giant geckos
  19 orcs
  3 ball pythons
  12 bats
  10 hobgoblins
  2 jackals (D:6)
  4 quokkas
  4 giant cockroaches (D:2)
  2 giant newts (D:1)
  8 goblins
  12 kobolds
  A quokka skeleton (D:4)
  9 rats
  A fungus (D:2)
144 creatures vanquished.

Notes
Turn   | Place    | Note
--------------------------------------------------------------
     0 | D:1      | laxity, the Deep Elf Fire Elementalist, began the quest for the Orb.
     0 | D:1      | Reached XP level 1. HP: 10/10 MP: 6/6
   205 | D:1      | Reached XP level 2. HP: 10/15 MP: 1/8
   347 | D:1      | Learned a level 2 spell: Throw Flame
  1333 | D:1      | Reached XP level 3. HP: 17/19 MP: 8/10
  1341 | D:1      | Learned a level 3 spell: Conjure Flame
  1437 | D:2      | Found a shadowy altar of Dithmenos.
  1509 | D:2      | Reached skill level 4 in Fire Magic
  2441 | D:2      | Noticed Crazy Yiuf
  2448 | D:2      | Killed Crazy Yiuf
  2448 | D:2      | Reached XP level 4. HP: 24/24 MP: 2/12
  2610 | D:3      | Found a snail-covered altar of Cheibriados.
  2756 | D:3      | Noticed asdu's ghost (weakling SpEn)
  2768 | D:3      | Killed asdu's ghost
  2768 | D:3      | Reached XP level 5. HP: 28/28 MP: 4/14
  3571 | D:4      | Reached skill level 5 in Fire Magic
  3739 | D:4      | Reached skill level 5 in Spellcasting
  3923 | D:4      | Reached XP level 6. HP: 25/32 MP: 2/15
  4797 | D:5      | Entered Level 5 of the Dungeon
  4797 | D:5      | Noticed Blork the orc
  4896 | D:4      | Learned a level 4 spell: Sticky Flame
  4902 | D:4      | Learned a level 5 spell: Fireball
  4908 | D:5      | Killed Blork the orc
  4908 | D:5      | Reached skill level 1 in Short Blades
  4972 | D:5      | Found an iron altar of Okawaru.
  5014 | D:5      | Noticed Duvessa
  5014 | D:5      | Noticed Dowan
  5020 | D:5      | Killed Duvessa
  5020 | D:5      | Reached skill level 1 in Fighting
  5020 | D:5      | Reached XP level 7. HP: 36/38 MP: 9/17
  5024 | D:5      | Killed Dowan
  5523 | D:5      | Reached skill level 6 in Spellcasting
  5659 | D:5      | Gained mutation: Your mind is acute. (Int +2) [mutagenic meat]
  5660 | D:5      | Gained mutation: You are somewhat resistant to further mutation. [mutagenic meat]
  5661 | D:5      | Gained mutation: You have sharp toenails. [mutagenic meat]
  5662 | D:5      | Gained mutation: You possess an exceptional clarity of mind. [mutagenic meat]
  5705 | D:5      | Found a white marble altar of Elyvilon.
  6169 | D:6      | Reached skill level 5 in Conjurations
  6226 | D:6      | Reached XP level 8. HP: 35/44 MP: 9/19
  6227 | D:6      | Found a white marble altar of Elyvilon.
  6585 | D:6      | Noticed Sigmund
  6600 | D:6      | Killed Sigmund
  6600 | D:6      | Reached skill level 7 in Spellcasting
  6873 | D:6      | Found a deep blue altar of Sif Muna.
  6875 | D:6      | Found a radiant altar of Vehumet.
  6875 | D:6      | Found an ancient bone altar of Kikubaaqudgha.
  6881 | D:6      | Identified Kikubaaqudgha's Incunabulum of Evil
  6889 | D:6      | Identified Sif Muna's Catalogue of the Escort
  6897 | D:6      | Identified Vehumet's Compendium of Conjuration
  6899 | D:6      | Became a worshipper of Vehumet
  7013 | D:6      | Noticed Edmund
  7020 | D:6      | Killed Edmund
  7295 | D:6      | Found a glowing silver altar of Zin.
  7295 | D:6      | Found a sacrificial altar of Ru.
  7360 | D:6      | Noticed a deep elf fighter
  7366 | D:6      | Killed a deep elf fighter
  7409 | D:7      | Noticed Pikel
  7457 | D:7      | Killed from afar by Pikel

Action                   |  1- 3 |  4- 6 |  7- 9 || total
-------------------------+-------+-------+-------++-------
Melee: Unarmed           |    15 |       |       ||    15
       Short sword       |     7 |     1 |     5 ||    13
 Cast: Flame Tongue      |    82 |    72 |    58 ||   212
       Throw Flame       |     9 |    46 |    50 ||   105
       Conjure Flame     |     1 |       |     1 ||     2
       Sticky Flame      |       |     2 |    13 ||    15
  Use: Scroll            |       |       |     1 ||     1
  Eat: Chunk             |     5 |     7 |    13 ||    25
